 Dungeon Crawl Stone Soup version 0.28.0 (webtiles) character file.

Game seed: 7484073932918728665

109 danielguo94 the Covered (level 4, 0/29 HPs)
             Began as a Gargoyle Fighter on Feb 5, 2022.
             Slain by a gnoll (1 damage)
             ... on level 2 of the Dungeon.
             The game lasted 00:02:21 (1580 turns).

danielguo94 the Covered (Gargoyle Fighter)          Turns: 1580, Time: 00:02:22

Health: 0/29       AC: 10    Str: 21    XL:     4   Next: 90%
Magic:  4/4        EV:  9    Int:  9    God:
Gold:   69         SH:  4    Dex:  9    Spells: 3/3 levels left

rFire   . . .      SeeInvis .   a - +0 flail
rCold   . . .      Faith    .   c - +0 buckler
rNeg    + . .      Spirit   .   b - +0 scale mail
rPois   ∞          Reflect  .   (no helmet)
rElec   +          Harm     .   (no cloak)
rCorr   .          Rampage  .   (no gloves)
Will    .....                   (no boots)
Stlth   ..........              (no amulet)
HPRegen 0.09/turn               (no ring)
MPRegen 0.09/turn               (no ring)

@: no status effects
A: sickness immunity, AC +3, negative energy resistance 1, electricity
resistance, torment resistance 1, petrification resistance
a: no special abilities


You were on level 2 of the Dungeon.
You visited 1 branch of the dungeon, and saw 3 of its levels.

You collected 69 gold pieces.

Inventory:

Hand Weapons
 a - a +0 flail (weapon)
Missiles
 e - 51 stones (quivered)
 g - 5 poisoned darts
Armour
 b - a +0 scale mail (worn)
 c - a +0 buckler (worn)
Jewellery
 m - a ring of ice
Scrolls
 i - a scroll of immolation {unknown}
 j - a scroll of enchant armour {unknown}
 k - a scroll of teleportation
 n - 2 scrolls of identify {unknown}
Potions
 d - 2 potions of might
 f - a potion of experience {unknown}
 h - a potion of curing {unknown}
 l - a potion of brilliance {unknown}


   Skills:
 + Level 3.7 Fighting
 * Level 3.5 Maces & Flails
 + Level 4.0 Armour
 + Level 0.7 Dodging
 + Level 3.7 Shields


You had 3 spell levels left.
You didn't know any spells.
Your spell library was empty.

Dungeon Overview and Level Annotations

Branches:
Dungeon (3/15)

Altars:


Innate Abilities, Weirdness & Mutations

You are immune to sickness and miasma.
Your stone body is resilient. (AC +3)
You are immune to poison.
You resist negative energy. (rN+)
You are resistant to electric shocks. (rElec)
You are resistant to unholy torment.
You are immune to petrification.


Message History

You closely miss the gnoll. The gnoll hits you with a +0 whip.
The gnoll barely misses you.
You are too injured to fight recklessly!
Unknown command.
You are too injured to fight recklessly!
Unknown command.
You are too injured to fight recklessly!
Unknown command.
You are too injured to fight recklessly!
You sock the gnoll!
The gnoll is heavily wounded.
The gnoll barely misses you. The gnoll hits you with a +0 flail.
The gnoll hits you with a +0 flail.
Things that are here:
a +0 flail; a gnoll corpse You completely miss the gnoll.
You block the gnoll's attack.
You hit the gnoll.
The gnoll is moderately wounded.
The gnoll hits you with a +0 flail.
* * * LOW HITPOINT WARNING * * *
You barely miss the gnoll.
The gnoll is heavily wounded.
The gnoll hits you with a +0 whip.
* * * LOW HITPOINT WARNING * * *
You closely miss the gnoll.
The gnoll is heavily wounded.
The gnoll hits you with a +0 whip.
* * * LOW HITPOINT WARNING * * *
Okay, then.
Unknown command.
You barely miss the gnoll.
The gnoll is heavily wounded.
The gnoll barely misses you.
You closely miss the gnoll.
The gnoll is heavily wounded.
The gnoll hits you but does no damage.
You hit the gnoll.
The gnoll is almost dead.
The gnoll hits you with a +0 whip.
You die...

...........).........##....
...>.............###...†...
...............#.# #.##....
#####........#.#.###.##)...
#...######.#.....##.... #...#
#.##.##.###### #...# #.......#
#...#########.###### ##
#...gg@..# #.# #.. ..
########.# #.# #.# #. #########
#.# #.###.####. #.......### #.#
#.......##.
#.#.......######.########.#....
#.#.......##..........# #.####.
#.#.....#.##.#...#..#.# #......
#.#..#...........#..# #######
#.#.........<....#..#


You could see 2 gnolls.

Vanquished Creatures
  Jessica (D:2)
  4 gnolls (D:2)
  3 dart slugs (D:1)
  2 endoplasms (D:1)
  A giant cockroach (D:1)
  2 goblins (D:1)
  3 hobgoblins
  6 kobolds
  A quokka (D:1)
  5 ball pythons
  8 bats (D:1)
  A frilled lizard (D:2)
  3 rats (D:1)
40 creatures vanquished.

Notes
Turn   | Place    | Note
-------+----------+-------------------------------------------
     0 | D:1      | danielguo94 the Gargoyle Fighter began the quest for the
                  | Orb.
     0 | D:1      | Reached XP level 1. HP: 14/14 MP: 1/1
    89 | D:1      | Reached XP level 2. HP: 19/19 MP: 2/2
   129 | D:1      | Found a faded altar of an unknown god.
   425 | D:1      | Reached XP level 3. HP: 17/23 MP: 3/3
  1036 | D:2      | Noticed Jessica
  1046 | D:2      | Killed Jessica
  1047 | D:2      | Reached XP level 4. HP: 29/29 MP: 4/4
  1185 | D:2      | Reached skill level 4 in Armour
  1577 | D:2      | HP: 1/29 [gnoll (5)]
  1580 | D:2      | Slain by a gnoll

Illustrated notes

Levels and vault maps discovered:
D:1:      sevenhm_arrival_forest_fort_large_1, layout_basic,
          ebering_ecumenical_altar_ruins, minmay_tree_intersection
D:2:      layout_loops_cross, uniq_jessica
D:3:      layout_basic, tgw_trog, gammafunk_ghost_icy,
          nicolae_underground_beach, uniq_terence

Skill      XL: |  1  2  3  4 |
---------------+-------------+-----
Maces & Flails | 3 |  3.5
Armour         | 4 |  4.0
Fighting       | |  3.7
Dodging        | |  0.7
Shields        | |  3.7

Action                   |  1- 3 |  4- 6 || total
-------------------------+-------+-------++-------
Melee: Flail             |   107 |    40 ||   147
  Use: Scroll            |       |     2 ||     2
Armor: Scale mail        |    82 |    16 ||    98
Dodge: Dodged            |    61 |    16 ||    77
Block: Buckler           |    30 |    10 ||    40
